 Dungeon Crawl Stone Soup version 0.26-a0-812-g31a745ddcd (webtiles) character file.

Game seed: 2097343338610972077

152 Dracia the Skirmisher (level 5, -1/42 HPs)
             Began as a Demonspawn Monk on Dec 4, 2020.
             Killed from afar by an orc wizard (11 damage)
             ... with a puff of flame
             ... on level 3 of the Dungeon.
             The game lasted 00:02:38 (2187 turns).

Dracia the Skirmisher (Demonspawn Monk)             Turns: 2187, Time: 00:02:39

Health: -1/42      AC:  6    Str: 10 (11) XL:     5   Next: 11%
Magic:  5/5        EV: 12    Int: 11 (12) God:
Gold:   95         SH:  0    Dex: 16      Spells: 4/4 levels left

rFire    . . .     SeeInvis .   a - +0 spear
rCold    . . .     Faith    .   (no shield)
rNeg     . . .     Spirit   .   d - +0 ring mail
rPois    .         Reflect  .   (no helmet)
rElec    .         Harm     .   (no cloak)
rCorr    .         Rampage  .   i - +0 pair of gloves
MR       .....                  (no boots)
Stlth    ..........             (no amulet)
HPRegen  0.14/turn              (no ring)
MPRegen  0.09/turn              (no ring)

@: confused
A: foul stench 1, powered by pain 1, rot immunity
a: no special abilities


You were on level 3 of the Dungeon.
You visited 1 branch of the dungeon, and saw 3 of its levels.

You collected 95 gold pieces.


Innate Abilities, Weirdness & Mutations

You may emit foul miasma when damaged in melee.
You sometimes gain a little power by taking damage.
You are immune to rotting.


   Skills:
 + Level 4.1 Fighting
 + Level 3.7 Polearms
 + Level 3.7 Dodging
 - Level 1.7 Stealth


You had 4 spell levels left.
You didn't know any spells.
Your spell library was empty.

Inventory:

Hand Weapons
 a - a +0 spear (weapon)
Missiles
 g - 14 poisoned darts (quivered)
Armour
 b - a +0 robe
 d - a +0 ring mail (worn)
 i - a +0 pair of gloves (worn)
Scrolls
 c - a scroll of fear {unknown}
 f - a scroll of amnesia {unknown}
 h - 2 scrolls of magic mapping {unknown}
 j - a scroll of teleportation {unknown}
 k - 2 scrolls of identify {unknown}
Potions
 e - a potion of degeneration

Dungeon Overview and Level Annotations

Branches:
Dungeon (3/15)

Altars:

#### ## #.. ..
..######.# #.
.........####.
.........##..#
.$.#####{##..#
#{##..##
#@§..#.##
#######<###.#
#.....# #.###.#
###.###.#
#.......#
#######.#†#####
#.(.....#.#
#.#####.#.#


There were no monsters in sight!


Message History

* * * LOW HITPOINT WARNING * * *
The orc looks sick.
You hit the orc wizard.
The orc wizard is moderately wounded.
The orc wizard casts a spell at you. You resist with some effort.
The orc hits you but does no damage.
Unknown command.
You hit the orc wizard.
The orc wizard is moderately wounded.
The orc wizard mumbles some strange words.
The orc wizard flickers and vanishes!
The orc hits you but does no damage.
You bump into the rock wall.
Something hits you but does no damage. The orc closely misses you.
You bump into the rock wall.
Something hits you but does no damage. The orc hits you with a +0 hand axe.
* * * LOW HITPOINT WARNING * * *
You emit a cloud of foul miasma!
Unknown command.
You miss something. Something hits you but does no damage.
Unknown command.
You miss the orc.
The orc is moderately wounded.
The orc is engulfed in dark miasma.
The orc is poisoned.
The orc seems to slow down.
You kill the orc!
You hear some strange, mumbled words.
A puff of flame appears from out of thin air!
The puff of flame hits you!
You die...

Skill      XL: |  1  2  3 |
---------------+----------+-----
Polearms       | 3 |  3.7
Dodging        | 3 |  3.7
Fighting       | 4 |  4.1
Stealth        | |  1.7

Action                   |  1- 3 |  4- 6 || total
-------------------------+-------+-------++-------
Melee: Spear             |   120 |    33 ||   153
  Use: Potion            |     3 |       ||     3
 Stab: Sleeping          |     4 |     1 ||     5
Armor: Ring mail         |    31 |    21 ||    52
Dodge: Dodged            |    50 |    20 ||    70

Levels and vault maps discovered:
D:1:      lightli_arrival_noodles, layout_basic
D:2:      layout_loops_corners
D:3:      minmay_chambers_of_twos, layout_loops_ring

Notes
Turn   | Place    | Note
-------+----------+-------------------------------------------
     0 | D:1      | Dracia the Demonspawn Monk began the quest for the Orb.
     0 | D:1      | Reached XP level 1. HP: 18/18 MP: 1/1
   347 | D:1      | Gained mutation: You sometimes gain a little power by
                  | taking damage. [demonic ancestry]
   347 | D:1      | Reached XP level 2. HP: 24/24 MP: 2/2
   517 | D:1      | Reached skill level 3 in Polearms
   519 | D:1      | Reached skill level 3 in Dodging
  1021 | D:2      | Gained mutation: You are immune to rotting. [demonic
                  | ancestry]
  1021 | D:2      | Reached XP level 3. HP: 29/29 MP: 3/3
  1818 | D:2      | Noticed a centaur
  1827 | D:2      | Identified a potion of resistance
  1831 | D:2      | Killed a centaur
  1831 | D:2      | Reached skill level 4 in Fighting
  1831 | D:2      | Gained mutation: You may emit foul miasma when damaged in
                  | melee. [demonic ancestry]
  1831 | D:2      | Reached XP level 4. HP: 21/37 MP: 4/4
  1836 | D:2      | Reached XP level 5. HP: 21/42 MP: 5/5
  2187 | D:3      | Killed from afar by an orc wizard

Vanquished Creatures
  A centaur (D:2)
  3 adders (D:2)
  3 dart slugs
  An orc (D:3)
  4 bats
  2 giant cockroaches
  5 goblins
  2 hobgoblins
  4 jackals (D:1)
  5 frilled lizards
  6 kobolds
  6 rats
42 creatures vanquished.

Table legend: (Time is in decaauts)
 A = Elapsed time spent in this place.
 B = Non-inter-level travel time spent in this place.
 C = Inter-level travel time spent in this place.
 D = Time resting spent in this place.
 E = Time spent auto-exploring this place.
 F = Levels seen in this place.
 G = Mean time per level.
                   A        B        C        D        E       F      G
               +--------+--------+--------+--------+--------+-----+--------+
         Total |   2188 |   2149 |     39 |    194 |   1664 |   3 |  729.3 |
       Dungeon |   2188 |   2149 |     39 |    194 |   1664 |   3 |  729.3 |
               +--------+--------+--------+--------+--------+-----+--------+

Top non-repeatable levels by time:
     D:2: 1188 daAuts
     D:1: 941 daAuts
     D:3: 59 daAuts

Table legend:
 A = Non-vault XP
 B = Vault XP
 C = Vault XP percentage of total XP
 D = Non-vault monster count
 E = Vault monster count
 F = Vault count percentage of total count
                 A         B        C        D         E       F
            +---------+---------+-------+---------+---------+-------
      Total |     218 |       0 |   0.0 |      42 |       0 |   0.0
            +---------+---------+-------+---------+---------+-------
        D:1 |      26 |       0 |   0.0 |      16 |       0 |   0.0
        D:2 |     184 |       0 |   0.0 |      23 |       0 |   0.0
        D:3 |       8 |       0 |   0.0 |       3 |       0 |   0.0
            +---------+---------+-------+---------+---------+-------
